 Dungeon Crawl Stone Soup version 0.30-b1-2-g02819fbbbe (webtiles) character file.

Game seed: 16375745346730648798

9515 raph the Nimble (level 11, -1/92 HPs)
             Began as a Merfolk Gladiator on Jan 13, 2024.
             Was an Elder of Ashenzari.
             Slain by a +2 mace of flaming (5 damage)
             ... in a volcano.
             The game lasted 00:15:06 (8683 turns).

raph the Nimble (Merfolk Gladiator)                 Turns: 8683, Time: 00:15:06

Health: -1/92      AC:  6    Str: 14    XL:     11   Next: 47%
Magic:  11/11      EV: 26    Int: 20    God:    Ashenzari [****..]
Gold:   237        SH:  0    Dex: 18    Spells: 10/10 levels left

rFire   . . .        n - +3 trident "Oscillating Fan" {holy, rN+ Int+6 Dex-2, Range, Self} (curse)
rCold   . . .        (no shield)
rNeg    + . .        b - +0 leather armour of Supernal Understanding {Melee, Fort} (curse)
rPois   .            c - +0 helmet of Supernal Gnosis {Cun, Comp} (curse)
rElec   .            (no cloak)
rCorr   .            m - +0 pair of gloves "Bound With Me" {Melee, Cun} (curse)
SInv    +            (no boots)
Will    .....        (no amulet)
Stlth   +++++        k - ring of the Cursed Moon {Int+6, Elem, Melee} (curse)
HPRegen 0.35/turn    t - ring "At What Cost Knowledge?" {EV+5, Cun, Evo} (curse)
MPRegen 0.12/turn

%: clarity
@: no status effects
A: (nimble swimmer 2), mertail
a: Renounce Religion, Curse Item, Shatter the Chains


You were in a volcano.
You worshipped Ashenzari.
Ashenzari was greatly pleased with you.
You visited 2 branches of the dungeon, and saw 9 of its levels.
You also visited: Volcano.

You collected 344 gold pieces.
You spent 107 gold pieces at shops.

Inventory:

Hand Weapons
 a - a +0 trident
 n - the cursed +3 trident "Oscillating Fan" (weapon) {holy, rN+ Int+6 Dex-2, Range, Self}
   (You found it on level 3 of the Dungeon)

   Int:       It affects your intelligence (+6).
   Dex:       It affects your dexterity (-2).
   rN:        It protects you from negative energy.
   It has a curse which improves the following skills: Ranged Combat: Ranged
   Weapons and Throwing.
   Introspection: Fighting and Spellcasting.
Missiles
 d - 5 throwing nets
 e - a javelin
 g - 4 curare-tipped darts (quivered)
 l - 2 silver boomerangs
Armour
 b - the cursed +0 leather armour of Supernal Understanding (worn) {Melee, Fort}

   It has a curse which improves the following skills: Melee Combat: Short
   Blades, Long Blades, Axes, Maces & Flails, Polearms, Staves and Unarmed
   Combat.
   Fortitude: Armour and Shields.
 c - the cursed +0 helmet of Supernal Gnosis (worn) {Cun, Comp}

   It has a curse which improves the following skills: Cunning: Dodging and
   Stealth.
   Companions: Summonings and Necromancy.
 m - the cursed +0 pair of gloves "Bound With Me" (worn) {Melee, Cun}
   (You found it on level 2 of the Dungeon)

   It has a curse which improves the following skills: Melee Combat: Short
   Blades, Long Blades, Axes, Maces & Flails, Polearms, Staves and Unarmed
   Combat.
   Cunning:   Dodging and Stealth.
Jewellery
 k - the cursed ring of the Cursed Moon (left hand) {Int+6, Elem, Melee}
   (You found it on level 1 of the Dungeon)

   [ring of intelligence]

   Int:       It affects your intelligence (+6).
   It has a curse which improves the following skills: Elements: Fire Magic, Ice
   Magic, Air Magic and Earth Magic.
   Melee Combat: Short Blades, Long Blades, Axes, Maces & Flails, Polearms,
   Staves and Unarmed Combat.
 t - the cursed ring "At What Cost Knowledge?" (right hand) {EV+5, Cun, Evo}
   (You found it on level 4 of the Dungeon)

   [ring of evasion]

   EV:        It affects your evasion (+5).
   It has a curse which improves the following skills: Cunning: Dodging and
   Stealth.
   Evocations: Evocations.
 A - a ring of poison resistance
 B - a ring of willpower
Wands
 w - a wand of polymorph (6)
 E - a wand of paralysis (6)
Scrolls
 i - 2 scrolls of enchant weapon
 j - 4 scrolls of teleportation
 p - a scroll of butterflies
 q - 3 scrolls of fog
 s - a scroll of enchant armour
 x - 2 scrolls of magic mapping
 y - 2 scrolls of blinking
 C - 2 scrolls of silence
Potions
 f - a potion of curing
 o - 2 potions of magic
 u - 4 potions of cancellation
 v - a potion of resistance
 D - a potion of flight


   Skills:
 + Level 9.1(10.9) Fighting
 - Level 10.4(14.0) Polearms
 + Level 8.2(10.1) Throwing
 + Level 4.2(6.0) Armour
 + Level 11.2(14.7) Dodging
 + Level 6.9(10.5) Stealth


You had 10 spell levels left.
You didn't know any spells.
Your spell library contained the following spells:

 Spells                   Type           Power      Damage    Failure   Level
 Poisonous Vapours        Pois/Air       0%         N/A       34%         2
 Static Discharge         Conj/Air       0%         2-2/arc   34%         2
 Dazzling Flash           Conj/Hex       0%         N/A       56%         3
 Gell's Gravitas          Tloc           0%         N/A       56%         3
 Mephitic Cloud           Conj/Pois/Air  0%         N/A       56%         3
 Teleport Other           Tloc           0%         N/A       56%         3
 Tukima's Dance           Hex            0%         N/A       56%         3
 Airstrike                Air            0%         2d(1-17)  91%         4
 Summon Lightning Spire   Summ/Air       1%         N/A       91%         4
 Petrify                  Tmut/Erth      0%         N/A       92%         4
 Passage of Golubria      Tloc           0%         N/A       93%         4
 Agony                    Necr           1%         N/A       99%         5
 Metabolic Englaciation   Hex/Ice        0%         N/A       99%         5
 Silence                  Hex/Air        0%         N/A       99%         5
 Summon Forest            Summ/Tloc      0%         N/A       99%         5
 Yara's Violent Unravell  Hex/Tmut       0%         3d3       100%        5
 Dispersal                Tloc           0%         N/A       100%        6
 Eringya's Noxious Bog    Tmut/Pois      0%         N/A       100%        6
 Statue Form              Tmut/Erth      0%         N/A       100%        6
 Summon Hydra             Summ           0%         N/A       100%        7


Dungeon Overview and Level Annotations

Branches:
Dungeon (8/15)             Temple (0/1) D:6            Lair (1/5) D:8
Volcano (1/1)

Altars:
Ashenzari
Dithmenos
Qazlal
Uskayaw
Vehumet
Zin

Shops:
D:1 *   D:3 (?*[   D:8 *


Innate Abilities, Weirdness & Mutations

((You are very nimble when in or above water. (Stealth+, EV+, Speed+++)))
Your lower body shifts to a powerful aquatic tail in water.


Message History

You closely miss the +2 mace of flaming.
The +2 mace of flaming is moderately damaged.
The +2 mace of flaming closely misses you.
You hit the +2 mace of flaming.
The +2 mace of flaming is heavily damaged.
The +2 mace of flaming hits you. The +2 mace of flaming burns you.
You hit the +2 mace of flaming.
The +2 mace of flaming is heavily damaged.
The +2 mace of flaming hits you! The +2 mace of flaming burns you.
You are too injured to fight recklessly!
You are too injured to fight recklessly!
You are too injured to fight recklessly!
You are too injured to fight recklessly!
You are too injured to fight recklessly!
You are too injured to fight recklessly!
You hit the +2 mace of flaming but do no damage.
The +2 mace of flaming is heavily damaged.
The +2 mace of flaming hits you! The +2 mace of flaming burns you.
* * * LOW HITPOINT WARNING * * *
You hit the +2 mace of flaming.
The +2 mace of flaming is heavily damaged.
The +2 mace of flaming hits you!
* * * LOW HITPOINT WARNING * * *
The +2 mace of flaming burns you.
* * * LOW HITPOINT WARNING * * *
You feel much better. The +2 mace of flaming hits you!
* * * LOW HITPOINT WARNING * * *
The +2 mace of flaming burns you.
* * * LOW HITPOINT WARNING * * *
The +2 mace of flaming hits you!
* * * LOW HITPOINT WARNING * * *
The +2 mace of flaming burns you.
* * * LOW HITPOINT WARNING * * *
Okay, then.
You puncture the +2 mace of flaming!
The +2 mace of flaming is severely damaged.
The +2 mace of flaming hits you!
* * * LOW HITPOINT WARNING * * *
The +2 mace of flaming burns you.
You die...

..............#≈≈§§§≈*
#'#####'#+###.+§.≈##*
#.).#.)....#..#...#
############'##.###
§♣♣~......#...###
~♣~~....).'.∩.########
~~~.....).#.....'....#
####################.#
≈≈§# #.'[$[)@(.#.#
§### #.#$$!![[!#.# ##
#.#..$!$$)#.#
#.#########.#
#...........#
#############


You could see a +2 mace of flaming.

Vanquished Creatures
  5 wizards (Volcano)
  A lindwurm (Lair:1)
  5 toenail golems (Volcano)
  Prince Ribbit (D:5)
  A wyvern (D:8)
  10 yaks (D:8)
  A steam dragon (D:8)
  2 water moccasins
  3 black bears
  2 sky beasts (D:7)
  4 ogres
  A centaur (D:8)
  2 phantoms (D:7)
  2 bullfrogs
  A kobold brigand (D:8)
  2 scorpions
  5 wights (D:8)
  9 killer bees (D:7)
  3 howler monkeys
  An electric eel (D:7)
  2 hounds
  5 orc priests
  A gnoll bouda (D:6)
  5 iguanas
  6 orc wizards
  Ijyb (D:5)
  7 gnolls
  5 adders
  2 white imps (D:7)
  An ufetubus (D:4)
  3 worms
  32 orcs
  5 endoplasms
  3 giant cockroaches
  4 hobgoblins
  2 jackals (D:1)
  3 quokkas
  3 ball pythons
  3 bats
  5 frilled lizards
  12 goblins
  11 kobolds
  6 rats
188 creatures vanquished.

Vanquished Creatures (others)
  2 fungi (Lair:1)
  3 plants (Lair:1)
5 creatures vanquished.

Grand Total: 193 creatures vanquished

Notes
Turn   | Place    | Note
-------+----------+-------------------------------------------
     0 | D:1      | raph the Merfolk Gladiator began the quest for the Orb.
     0 | D:1      | Reached XP level 1. HP: 16/16 MP: 1/1
    91 | D:1      | Found Hajoasim's General Store.
   112 | D:1      | Found a faded altar of an unknown god.
   124 | D:1      | Reached XP level 2. HP: 19/23 MP: 2/2
   209 | D:1      | Prayed at the altar of an unknown god.
   209 | D:1      | Became a worshipper of Ashenzari the Shackled
   670 | D:1      | Bought a potion of degeneration for 10 gold pieces
   766 | D:2      | HP: 1/34 [iguana (3)]
   772 | D:2      | Reached XP level 3. HP: 3/28 MP: 3/3
   808 | D:2      | Identified the cursed +0 helmet of Supernal Gnosis {Cun,
                  | Comp}
   983 | D:2      | Reached skill level 5 in Polearms
  1215 | D:2      | Reached * piety under Ashenzari
  1238 | D:2      | Reached XP level 4. HP: 34/34 MP: 4/4
  1986 | D:3      | Identified the +3 trident of Bread {holy, rN+ Int+6 Dex-2}
  2076 | D:3      | Found Pynt's General Store.
  2196 | D:3      | Found a stormy altar of Qazlal.
  2246 | D:3      | Found a glowing silver altar of Zin.
  2266 | D:3      | Reached XP level 5. HP: 38/41 MP: 5/5
  2393 | D:3      | Reached ** piety under Ashenzari
  2408 | D:3      | Found Qiycwoxtergh's Antique Armour Shoppe.
  2678 | D:3      | Found Koomeipa's Magic Scroll Shop.
  2686 | D:3      | Bought a scroll of enchant armour for 97 gold pieces
  2739 | D:3      | Found Vaenang's Weapon Shoppe.
  3094 | D:4      | Reached skill level 5 in Dodging
  3199 | D:4      | Reached XP level 6. HP: 22/47 MP: 6/6
  3999 | D:4      | Reached XP level 7. HP: 54/54 MP: 7/7
  4485 | D:4      | Identified the Almanac of Exhalation
  4631 | D:5      | Entered Level 5 of the Dungeon
  4757 | D:5      | Reached skill level 6 in Dodging
  4816 | D:5      | Noticed Ijyb
  4831 | D:5      | Killed Ijyb
  4955 | D:5      | Noticed Prince Ribbit
  4977 | D:5      | Reached XP level 8. HP: 50/61 MP: 8/8
  4980 | D:5      | Killed Prince Ribbit
  4981 | D:5      | Reached skill level 5 in Fighting
  5040 | D:5      | Found a shadowy altar of Dithmenos.
  5169 | D:5      | Reached *** piety under Ashenzari
  5222 | D:5      | Reached skill level 7 in Dodging
  5660 | D:6      | Found a staircase to the Ecumenical Temple.
  5777 | D:6      | Reached **** piety under Ashenzari
  5788 | D:6      | Identified the +1 robe of the Constellations {Fly Int+8}
  6039 | D:6      | Reached skill level 5 in Throwing
  6477 | D:7      | Reached skill level 10 in Polearms
  6477 | D:7      | Reached XP level 9. HP: 71/72 MP: 9/9
  6490 | D:7      | Found a radiant altar of Vehumet.
  6559 | D:7      | Reached skill level 8 in Dodging
  7053 | D:7      | Reached skill level 1 in Stealth
  7144 | D:7      | Reached skill level 1 in Armour
  7564 | D:8      | Found Ric Yrghe's Assorted Antiques.
  7643 | D:8      | Reached skill level 9 in Dodging
  7684 | D:8      | Reached XP level 10. HP: 64/83 MP: 10/10
  8094 | D:8      | Found a hide-covered altar of Uskayaw.
  8218 | D:8      | Found a staircase to the Lair.
  8264 | Lair:1   | Entered Level 1 of the Lair of Beasts
  8283 | Lair:1   | Found a dark tunnel.
  8283 | Lair:1   | Noticed a lindwurm
  8311 | Lair:1   | Killed a lindwurm
  8312 | Lair:1   | Reached skill level 10 in Dodging
  8312 | Lair:1   | Reached skill level 5 in Stealth
  8417 | Volcano  | Entered a volcano
  8424 | Volcano  | Noticed a toenail golem
  8424 | Volcano  | Noticed a wizard
  8424 | Volcano  | Noticed a toenail golem
  8431 | Volcano  | Killed a wizard
  8436 | Volcano  | Killed a toenail golem
  8441 | Volcano  | Killed a toenail golem
  8442 | Volcano  | Reached XP level 11. HP: 92/92 MP: 11/11
  8447 | Volcano  | Noticed a wizard
  8466 | Volcano  | Killed a wizard
  8475 | Volcano  | Noticed a wizard
  8479 | Volcano  | Killed a wizard
  8493 | Volcano  | Noticed a wizard
  8494 | Volcano  | Noticed a wizard
  8498 | Volcano  | Killed a wizard
  8498 | Volcano  | Killed a wizard
  8499 | Volcano  | Reached skill level 11 in Dodging
  8632 | Volcano  | Noticed a +2 mace of flaming
  8632 | Volcano  | Identified the +4 helmet "Ymyutsari" {*Slow rPois Int+4}
  8683 | Volcano  | HP: 4/92 [+2 mace of flaming (10)]
  8683 | Volcano  | Slain by a +2 mace of flaming

Illustrated notes

Levels and vault maps discovered:
D:1:      lightli_arrival_lavapool, layout_rooms, ebering_ecumenical_altar_mist,
          serial_shops, shop
D:2:      layout_basic
D:3:      layout_basic, mainiacjoe_overflow_catch_the_wave, serial_shops, shop,
          shop_statue, nicolae_shop_trees, nicolae_shop_rolling_square,
          nrook_campfire, kennysheep_cluttered_room
D:4:      layout_basic, minivault_23
D:5:      nicolae_cairo_tiling, layout_loops_cross,
          nicolae_dithmenos_shadow_blocks, uniq_prince_ribbit1, uniq_ijyb
D:6:      layout_loops_ring, minmay_temple_entry_waves
D:7:      layout_basic, mainiacjoe_overflow_chevrons, minivault_14
D:8:      layout_basic, nicolae_uskayaw_dance_studio, lair_entry_dummy,
          serial_shops, nicolae_lakefront_shop
Lair:1:   beast_lair_carwin_large_4, layout_cellular_growth,
          nicolae_volcano_entry_vermiform, lemuel_fruit_tree
Volcano:  volcano_bunker

Skill      XL: |  1  2  3  4  5  6  7  8  9 10 11 |
---------------+----------------------------------+-----
Polearms       | 5 6 7 8 10 | 10.4
Fighting       | 3 4 5 7 8 9 |  9.1
Dodging        | 5 6 7 9 10 11 | 11.2
Throwing       | 3 4 5 6 7 8 |  8.2
Stealth        | 3 5 6 |  6.9
Armour         | 2 3 4 |  4.2

Action                     |  1- 3 |  4- 6 |  7- 9 | 10-12 || total
---------------------------+-------+-------+-------+-------++-------
  Melee: Trident           |   104 |   123 |   383 |   262 ||   872
         Punch             |       |     1 |     4 |     3 ||     8
  Throw: Dart              |       |     8 |     8 |       ||    16
 Invoke: Curse Item        |     2 |     2 |     2 |       ||     6
  Evoke: Wand              |       |       |       |     5 ||     5
    Use: Scroll            |     4 |     1 |       |       ||     5
         Potion            |     1 |       |     2 |     3 ||     6
   Stab: Sleeping          |     1 |     2 |     3 |     2 ||     8
         Distracted        |       |       |     1 |       ||     1
 Armour: Leather armour    |    13 |    13 |    31 |     8 ||    65
         Skin              |     6 |       |       |       ||     6
  Dodge: Dodged            |    66 |    70 |   237 |   113 ||   486
